 Dungeon Crawl Stone Soup version 0.18-a0-721-g8fc53f4 (webtiles) character file.

95 Lektor the Firebug (level 4, -2/30 HPs)
             Began as a Human Fire Elementalist on Dec 9, 2015.
             Killed from afar by Ijyb (8 damage)
             ... with a wand of frost
             ... on level 2 of the Dungeon.
             The game lasted 00:11:32 (1980 turns).

Lektor the Firebug (Human Fire Elementalist)        Turns: 1980, Time: 00:11:32

Health: -2/30      AC:  3    Str:  8    XL:     4   Next: 97%
Magic:  0/7        EV: 12    Int: 17    God:
Gold:   69         SH:  0    Dex: 13    Spells: 2 memorised, 3 levels left

rFire  + . .     SeeInvis .     u - +0 hunting sling (freeze)
rCold  . . .     Clarity  .     a - +0 robe
rNeg   + . .     SustAt   .     (no shield)
rPois  .         Gourm    .     (no helmet)
rElec  .         Spirit   .     w - +0 cloak
rCorr  .         Dismiss  +     (no gloves)
rMut   .         Stasis   .     (no boots)
MR     .....                    p - amulet of dismissal
Stlth  ++........               l - ring of protection from fire
                                h - ring of positive energy

@: very slightly contaminated, not resistant to hostile enchantments, unstealthy
A: no striking features
a: no special abilities


You were on level 2 of the Dungeon.
You were not hungry.

You visited 1 branch of the dungeon, and saw 3 of its levels.

You collected 69 gold pieces.

Inventory:

Hand Weapons
 k - a +0 dagger
 m - a +0 hunting sling
 o - a +0 dagger
 u - a +0 hunting sling of freezing (weapon)
Missiles
 i - 72 stones (quivered)
 q - 39 poisoned needles
 s - 17 arrows
Armour
 a - a +0 robe (worn)
 w - a +0 cloak (worn)
Jewellery
 h - a ring of positive energy (left hand)
 l - a ring of protection from fire (right hand)
 p - an amulet of dismissal (around neck)
 y - an uncursed ring of see invisible
Scrolls
 d - a scroll of immolation {unknown}
 e - 2 scrolls of remove curse
 f - 2 scrolls of amnesia {unknown}
 g - a scroll of blinking {unknown}
 v - a scroll of recharging {unknown}
 x - a scroll of teleportation {unknown}
Potions
 j - a potion of haste {unknown}
 n - a potion of invisibility {unknown}
 t - a potion of flight {unknown}
 z - a potion of degeneration {unknown}
Books
 b - a book of Flames

   Spells                             Type                      Level
   a - Flame Tongue                   Conjuration/Fire             1
   b - Throw Flame                    Conjuration/Fire             2
   c - Conjure Flame                  Conjuration/Fire             3
   d - Inner Flame                    Hexes/Fire                   3
   e - Sticky Flame                   Conjuration/Fire             4
   f - Fireball                       Conjuration/Fire             5
Comestibles
 c - 2 bread rations


   Skills:
 - Level 2.0 Dodging
 - Level 2.2 Stealth
 - Level 2.4 Spellcasting
 + Level 2.6 Conjurations
 + Level 4.0 Fire Magic


You had 3 spell levels left.
You knew the following spells:

 Your Spells              Type           Power        Failure   Level  Hunger
a - Flame Tongue          Conj/Fire      ##...        6%          1    #......
b - Conjure Flame         Conj/Fire      ##......     17%         3    ###....


Dungeon Overview and Level Annotations

Branches:
Dungeon (3/15)

Altars:

Annotations:
D:2 Ijyb


Message History

Aim: Ijyb, wielding a club, wearing a leather armour and carrying a wand of frost {zapped: 6} (almost dead)
The flame tongue misses Ijyb.
Ijyb closely misses you.
Casting: Flame Tongue
Confirm with . or Enter, or press ? or * to list all spells.
Aiming: Flame Tongue
Press: ? - help, Shift-Dir - straight line, f/p - Ijyb
Aim: Ijyb, wielding a club, wearing a leather armour and carrying a wand of frost {zapped: 6} (almost dead)
The flame tongue hits Ijyb.
Ijyb appears unharmed.
Ijyb is almost dead.
Ijyb zaps a wand.
The puff of frost hits you!
* * * LOW HITPOINT WARNING * * *
Casting: Flame Tongue
Confirm with . or Enter, or press ? or * to list all spells.
Aiming: Flame Tongue
Press: ? - help, Shift-Dir - straight line, f/p - Ijyb
Aim: Ijyb, wielding a club, wearing a leather armour and carrying a wand of frost {zapped: 7} (almost dead)
You miscast Flame Tongue.
You are very lightly contaminated with residual magic.
Sparks fly from your hands!
Ijyb zaps a wand.
The puff of frost hits you!
You die...

.# #..#..#........#.# ####..## .
#....'########'.# ##.#
###..............# #.#
.....#....##..##### #.##
####.....###.## #..# ####....##.#
####''# # #..........# ##≈≈§..§ #
###.##......##### ##§≈§§§.. #
....#.......g@..## ##≈≈.[.... #
#...((......###..####≈§.......
.....###......(......##≈≈........
..#### #.((.(........#≈≈....≈≈≈≈§
.## ##.............#§§...≈⌠....
## #............g..#§....≈.....
## #[...#...........#§....≈.....
.....(#..#..>.(......#≈...§§§....
#######..######...)..#≈....≈.....


You could see Ijyb.

Vanquished Creatures
  4 adders
  2 oozes
  3 worms (D:2)
  2 ball pythons
  2 giant cockroaches
  6 hobgoblins
  5 kobolds
  8 bats
  3 giant newts
  5 goblins
  2 quokkas
  3 rats
45 creatures vanquished.

Notes
Turn   | Place    | Note
--------------------------------------------------------------
     0 | D:1      | Lektor the Human Fire Elementalist began the quest for the Orb.
     0 | D:1      | Reached XP level 1. HP: 13/13 MP: 3/3
   284 | D:1      | Reached XP level 2. HP: 19/19 MP: 3/5
   825 | D:1      | Reached XP level 3. HP: 24/24 MP: 1/6
   830 | D:1      | Learned a level 3 spell: Conjure Flame
   963 | D:2      | Noticed Ijyb
  1469 | D:2      | Reached XP level 4. HP: 27/30 MP: 2/7
  1751 | D:3      | Reached skill level 4 in Fire Magic
  1980 | D:2      | Killed from afar by Ijyb

Vault maps used:
D:1:      sevenhm_arrival_forest_fort_small_6, minmay_door_square
D:2:      kennysheep_big_empty_room, minivault_11, uniq_iyjb
D:3:      cheibrodos_ashenzari_chains, first_bread, corexii_hall_statues_l,
          dk_noncrumbling_2, minmay_cupped

Action                   |  1- 3 |  4- 6 || total
-------------------------+-------+-------++-------
Melee: Unarmed           |     1 |       ||     1
       Dagger            |    18 |       ||    18
 Fire: Hunting sling     |     7 |    50 ||    57
Throw: Stone             |     2 |       ||     2
 Cast: Flame Tongue      |    49 |    20 ||    69
       Conjure Flame     |     4 |     1 ||     5
  Use: Scroll            |     1 |       ||     1
 Stab: Sleeping          |     1 |       ||     1
  Eat: Chunk             |     2 |     3 ||     5
